woodfighter, neutral female human Wizard #########*#################### ------ # ------- --------######*###.....| ###`###..#...-- |......-- |....| # |......| |.......| #-....| ### ##..%..%.| |........# #|.<..| # # |......| |.T.....|# #------ ---------- ### ### --.....-# --....m.|# #### |.((((((.| # # -----.-# ---|-.--# # |((%(((%@-######### # # # ## # # |((((((.Y| # ### * # # ---------- # # ######## # # ### # -|--- # # # # |...---# ##%[####### # |.....|# #--|----------- ### |.@....# #|............| # |.....| #|....q.......| ##.....{| #.............| |>....| -------------- ------- woodfighter the Magician Experience level: 11 Strength: 14 Dexterity: 11 Constitution: 17 Intelligence: 18 Wisdom: 15 Charisma: 9 Health: 77(77) Energy: 20(102) Def: 6 Gold: 495 Moves: 21768 Dungeon seed: bBPJh99idkWlPAK- Game ID: woodfighter_1447344186 Your Inventory: Coins $ - 495 gold pieces Amulets N - a blessed amulet of unchanging (being worn) Weapons a - a blessed +1 quarterstaff (weapon in hands) A - a +0 elven dagger Armor e - an uncursed greased +0 cloak of magic resistance n - an uncursed +0 pair of speed boots (being worn) S - a blessed +2 elven leather helm (being worn) Y - an uncursed +0 leather armor (being worn) Comestibles l - an uncursed sprig of wolfsbane p - an uncursed banana B - 4 uncursed food rations T - an uncursed lizard corpse Scrolls M - an uncursed scroll of teleportation Potions K - an uncursed potion of extra healing Rings i - an uncursed ring of free action (on left hand) G - an uncursed ring of shock resistance J - an uncursed ring of shock resistance X - an uncursed ring of regeneration (on right hand) Wands o - a wand of sleep (0:6) C - a wand of speed monster (0:5) I - a wand of digging (0:5) Q - a wand of teleportation (0:2) Tools c - an uncursed skeleton key d - a -1 unicorn horn s - an uncursed bag of holding t - an uncursed towel (being worn) D - a +0 unicorn horn F - an uncursed magic lamp H - a +0 pick-axe Gems q - an uncursed luckstone r - 5 uncursed worthless pieces of blue glass y - an uncursed sapphire z - 3 uncursed aquamarine stones Contents of the bag of holding: 2334 gold pieces a blessed +4 mummy wrapping an uncursed lizard corpse an uncursed scroll of blank paper a blessed scroll of create monster an uncursed potion of full healing an uncursed potion of paralysis an uncursed ring of cold resistance a cursed -1 ring of increase damage an uncursed ring of polymorph control an uncursed ring of teleport control a cursed ring of teleportation a can of grease (0:7) a +0 unicorn horn a +0 unicorn horn an uncursed worthless piece of red glass Spells and supernatural/magical abilities: Name Level Category Fail Memory a - force bolt 1 attack 0% 95% c - cause fear 3 enchantment 0% 78% k - knock 1* matter 0% 0% m - magic missile 2 attack 0% 22% u - confuse monster 2 enchantment 0% 86% w - wizard lock 2 matter 0% 95% z - sleep 1 enchantment 0% 38% B - cure blindness 2 healing 0% 86% H - haste self 3 escape 70% 38% K - cure sickness 3* healing 70% 0% W - pray for help -- divine ? -- Your skills at the end: Miscellaneous Skills wands [Basic] Weapon Skills quarterstaff [Basic] Spellcasting Skills attack spells [Expert] enchantment spells [Basic] Final Attributes: You were fervently aligned. You were fire resistant. You were cold resistant. You were sleep resistant. You were poison resistant. You were telepathic. You regenerated. You could not change from your current form. You were very fast. You had free action. You were lucky. You had extra luck. Bad luck did not time out for you. Good luck did not time out for you. You are dead. Vanquished creatures: 2 blue dragons 13 baby blue dragons a vampire lord a queen bee 4 giant mimics a doppelganger 4 large mimics a wumpus a long worm a giant mummy 3 wargs 2 winter wolves 2 small mimics a xan an ettin mummy an ogre lord 6 quantum mechanics a pyrolisk a large dog 3 freezing spheres a flaming sphere a shocking sphere a large cat a tiger 3 gargoyles 3 tengu 2 ochre jellies a chameleon 2 giants 3 elf mummies a red naga 5 ettin zombies 2 leather golems 7 Grey-elves a soldier an incubus 3 giant beetles 5 cockatrices 4 wolves 7 winter wolf cubs 2 gremlins a leprechaun a spotted jelly 7 lizards 2 mountain nymphs an orc-captain a mumak 3 giant spiders a scorpion 2 iron piercers an ice vortex a gnome king 3 orc mummies 2 dwarf mummies 2 ogres 3 brown puddings 3 rust monsters 2 owlbears 3 gold golems a werewolf a Green-elf a dog a dingo 2 housecats 3 jaguars 3 dwarf lords 2 blue jellies 2 water nymphs 2 white unicorns a gray unicorn 2 black unicorns a raven a plains centaur 2 gnome mummies 3 snakes a rope golem 6 Woodland-elves 3 soldier ants 5 fire ants a bugbear 5 quasits 2 baby crocodiles 4 wood nymphs 14 Mordor orcs an orc shaman 2 rock moles 3 rock piercers a pony 3 fog clouds a yellow light 4 shriekers 2 violet fungi 20 gnome lords 7 gnomish wizards a kobold mummy a black naga hatchling a golden naga hatchling 5 gray oozes a ghoul a straw golem 2 paper golems 5 giant ants 4 floating eyes 2 kittens 18 dwarves 2 homunculi 4 iguanas 16 rothes a rabid rat 2 centipedes 6 giant bats a monkey an orc zombie 8 dwarf zombies 2 wererats 2 werejackals 33 killer bees a coyote 2 gas spores 7 hobbits 5 acid blobs 4 large kobolds 9 geckos 2 hobgoblins 4 giant rats 9 cave spiders 2 brown molds 5 yellow molds 3 green molds 3 red molds 61 gnomes 6 garter snakes 6 manes 3 gnome zombies 27 jackals 7 foxes 4 kobolds 14 newts 9 goblins 10 sewer rats 19 grid bugs a bat 14 lichens 8 kobold zombies 622 creatures vanquished. Voluntary challenges: You used a wielded weapon 105 times, starting on turn 97. You read items or engraved 48 times, starting on turn 191. You never genocided any monsters. You never polymorphed an object. You never changed form. You completed Sokoban on turn 5296, according to the rules. You used no wishes. You never split a pudding. You never wrote Elbereth's name. You violated your moral code, losing 5 points of alignment, starting on turn 10455. Dungeon overview: The Dungeons of Doom: levels 1 to 18 Level 1 (vault) an altar to Thoth a long staircase Level 2 a fountain Level 3 a general store, a fountain Level 4 (open water) stairs to The Gnomish Mines Level 5 many fountains Level 6 an armor shop stairs to Sokoban Level 7 Level 8 a fountain Level 9 Level 10 Level 11 Level 12 (Quest) a general store, a fountain Level 13 (big room) many fountains Level 14 a fountain Level 15 a fountain Level 16 <- You were here a hardware shop, a fountain, a sink Level 17 Level 18 (Rogue) The Gnomish Mines: levels 5 to 13 Level 5 stairs to The Dungeons of Doom Level 6 Level 7 some shops, a temple to Ptah, a magic chest, some fountains Level 8 Level 9 Level 10 Level 11 Level 12 Level 13 a magic chest, some fountains Sokoban: levels 2 to 5 Level 2 a magic chest Level 3 Level 4 Level 5 a magic chest stairs to The Dungeons of Doom History has recorded: On T:1 you entered the Dungeons of Doom to retrieve the Amulet of Yendor! On T:117 you reached level 2 of The Dungeons of Doom. On T:456 you reached level 3 of The Dungeons of Doom. On T:874 you advanced to experience level 2. On T:947 you advanced to experience level 3. On T:1207 you advanced to experience level 4. On T:1426 you reached level 4 of The Dungeons of Doom. On T:1454 you reached level 5 of The Dungeons of Doom. On T:1772 you reached level 1 of The Gnomish Mines. On T:2121 you advanced to experience level 5. On T:2236 you reached level 6 of The Dungeons of Doom. On T:2293 you reached level 4 of Sokoban. On T:2339 you opened a magic chest. On T:2696 you reached level 3 of Sokoban. On T:3262 you reached level 2 of Sokoban. On T:4255 you advanced to experience level 6. On T:4285 you reached level 1 of Sokoban. On T:5296 you advanced to experience level 7. On T:5296 you entered the Sokoban zoo. On T:5404 you opened a magic chest. On T:5415 you opened a magic chest. On T:5679 you opened a magic chest. On T:5679 you opened a magic chest. On T:6076 you opened a magic chest. On T:6087 you opened a magic chest. On T:6095 you opened a magic chest. On T:6302 you reached level 2 of The Gnomish Mines. On T:6787 you reached level 3 of The Gnomish Mines. On T:7029 you advanced to experience level 8. On T:7141 you entered the Minetown temple On T:7179 you opened a magic chest. On T:7182 you opened a magic chest. On T:7352 you opened a magic chest. On T:7357 you opened a magic chest. On T:7495 you reached level 4 of The Gnomish Mines. On T:7526 you reached level 5 of The Gnomish Mines. On T:7630 you opened a magic chest. On T:7700 you opened a magic chest. On T:8392 you reached level 6 of The Gnomish Mines. On T:8702 you reached level 7 of The Gnomish Mines. On T:8821 you reached level 8 of The Gnomish Mines. On T:8894 you advanced to experience level 9. On T:9110 you opened a magic chest. On T:9110 you opened a magic chest. On T:9322 you opened a magic chest. On T:9323 you opened a magic chest. On T:9324 you opened a magic chest. On T:9325 you opened a magic chest. On T:9338 you opened a magic chest. On T:9338 you opened a magic chest. On T:10305 you reached level 9 of The Gnomish Mines. On T:10305 you reached the bottom of the Mines. On T:10760 you opened a magic chest. On T:11489 you opened a magic chest. On T:11797 you advanced to experience level 10. On T:12310 you opened a magic chest. On T:12311 you opened a magic chest. On T:12320 you opened a magic chest. On T:12331 you opened a magic chest. On T:12531 you reached level 7 of The Dungeons of Doom. On T:13461 you opened a magic chest. On T:13462 you opened a magic chest. On T:13939 you reached level 8 of The Dungeons of Doom. On T:14434 you reached level 9 of The Dungeons of Doom. On T:14931 you opened a magic chest. On T:14932 you opened a magic chest. On T:15050 you reached level 10 of The Dungeons of Doom. On T:15391 you reached level 11 of The Dungeons of Doom. On T:15774 you reached level 12 of The Dungeons of Doom. On T:16158 you opened a magic chest. On T:16158 you opened a magic chest. On T:16158 you opened a magic chest. On T:16159 you opened a magic chest. On T:16565 you opened a magic chest. On T:16820 you reached level 13 of The Dungeons of Doom. On T:17350 you opened a magic chest. On T:17351 you opened a magic chest. On T:17352 you opened a magic chest. On T:17353 you opened a magic chest. On T:17353 you opened a magic chest. On T:17353 you opened a magic chest. On T:17355 you opened a magic chest. On T:17356 you opened a magic chest. On T:17357 you opened a magic chest. On T:17361 you opened a magic chest. On T:17364 you opened a magic chest. On T:17365 you opened a magic chest. On T:17967 you advanced to experience level 11. On T:18297 you reached level 14 of The Dungeons of Doom. On T:18604 you opened a magic chest. On T:18604 you opened a magic chest. On T:18911 you opened a magic chest. On T:18914 you opened a magic chest. On T:18925 you opened a magic chest. On T:18926 you opened a magic chest. On T:18926 you opened a magic chest. On T:19216 you reached level 15 of The Dungeons of Doom. On T:19623 you reached level 16 of The Dungeons of Doom. On T:20194 you opened a magic chest. On T:20194 you opened a magic chest. On T:20194 you opened a magic chest. On T:20195 you opened a magic chest. On T:20198 you opened a magic chest. On T:20200 you opened a magic chest. On T:20590 you opened a magic chest. On T:20591 you opened a magic chest. On T:20594 you opened a magic chest. On T:20594 you opened a magic chest. On T:20594 you opened a magic chest. On T:20596 you opened a magic chest. On T:20800 you reached level 17 of The Dungeons of Doom. On T:21037 you reached level 18 of The Dungeons of Doom. Score breakdown: Gold: 2829 ( 282 points) Experience: 11 levels ( 1000 points) Exploration: 18 levels ( 510 points) Discoveries: 76 items ( 2000 points) Variety of kills: 144 monsters ( 2000 points) Major goal: Sokoban/Mines ( 1500 points) Survival: died (score multiplied by 3) Total score: 21876 Latest messages: You put a red gem into the bag called holding. The runed broadsword grows itself right into the Grey-elf's hand! The Grey-elf thrusts her runed spear. The Grey-elf jabs you! i - an uncursed ring of free action. X - an uncursed ring of regeneration. I - an uncursed wand of digging. o - an uncursed wand of sleep. C - an uncursed wand of speed monster. Q - an uncursed wand of teleportation. s - a bag called holding. c - an uncursed key. F - an uncursed magic lamp. You have a little trouble lifting H - an uncursed pick-axe. You have a little trouble lifting t - an uncursed towel. You have a little trouble lifting D - an uncursed unicorn horn. You have a little trouble lifting d - an uncursed unicorn horn. You have a little trouble lifting q - an uncursed stone called luckstone. Your movements are slowed slightly because of your load. You put a blessed potion of full healing into the magic chest. You put an uncursed potion of monster detection into the magic chest. You put an uncursed potion of restore ability into the magic chest. You put 3 uncursed potions of confusion into the magic chest. You try to feel what is lying here on the floor. You feel here a cockatrice corpse. Touching the cockatrice corpse is a fatal mistake... You turn to stone... Final status: Goodbye woodfighter the Wizard, petrified by feeling around for a cockatrice corpse... You turned to stone in The Dungeons of Doom on dungeon level 16 with 21876 points, and 2829 pieces of gold, after 21768 moves. You were level 11 with a maximum of 77 hit points when you turned to stone.